 Dungeon Crawl Stone Soup version 0.22-a0-433-gd2a9cce (webtiles) character file.

7580 KristoblXynda the Grappler (level 10, -1/94 HPs)
             Began as a Troll Fighter on May 28, 2018.
             Was a Believer of Qazlal.
             Slain by a two-headed ogre
             ... wielding a +0 giant club
              (30 damage)
             ... on level 9 of the Dungeon.
             The game lasted 00:14:58 (6197 turns).

KristoblXynda the Grappler (Troll Fighter)          Turns: 6197, Time: 00:14:58

Health: -1/94      AC:  9    Str: 30    XL:     10   Next: 97%
Magic:  12/12      EV: 11    Int:  7    God:    Qazlal [**....]
Gold:   409        SH: 14    Dex:  9    Spells: 9/9 levels left

rFire    . . .     SeeInvis +     - Unarmed
rCold    + . .     Gourm    +   b - +0 shield
rNeg     . . .     Faith    .   t - +1 robe {rC+}
rPois    .         Spirit   .   g - +2 hat {MR+}
rElec    .         Reflect  .   o - +0 cloak of Henotheism {MR+}
rCorr    .         Harm     .   (gloves unavailable)
MR       ++...     Clarity  +   (boots unavailable) Stlth +.........Rnd*Tele +
                                (no amulet)
HPRegen  0.65/turn              q - +4 ring of strength
MPRegen  0.13/turn              (no ring)

@: no status effects
A: large, unfitting armour, claws 3, see invisible, clarity, fast metabolism 3,
gourmand, regeneration 1, shaggy fur 1, teleportitis 1, tough skin 2
a: Upheaval, Renounce Religion


You were on level 9 of the Dungeon.
You worshipped Qazlal.
Qazlal was pleased with you.
You were completely stuffed.

You visited 2 branches of the dungeon, and saw 10 of its levels.

You collected 409 gold pieces.

Inventory:

Hand Weapons
 u - a +6 flail
Armour
 b - a +0 shield (worn)
 g - a +2 hat of magic resistance (worn)
 o - the +0 cloak of Henotheism (worn) {MR+}
   (You found it on level 5 of the Dungeon)

   It affects your resistance to hostile enchantments.
 t - a +1 robe of cold resistance (worn)
Jewellery
 q - a +4 ring of strength (left claw)
Wands
 v - a wand of acid (7)
Scrolls
 c - a scroll of random uselessness {unknown}
 e - 3 scrolls of amnesia
 h - 3 scrolls of magic mapping
 i - 7 scrolls of remove curse
 j - a scroll of teleportation {unknown}
 k - a scroll of blinking
Potions
 a - 2 potions of brilliance
 l - a potion of invisibility
 m - a potion of curing
 n - a potion of resistance
 p - 3 potions of flight
 r - 2 potions of lignification
 s - a potion of haste
Comestibles
 d - 12 rations
 w - a chunk of flesh


   Skills:
 + Level 4.6 Fighting
 - Level 2.0 Armour
 - Level 5.2 Dodging
 + Level 7.7 Shields
 + Level 10.8 Unarmed Combat
 + Level 5.3 Invocations


You had 9 spell levels left.
You didn't know any spells.
Your spell library contained the following spells:

 Spells                   Type           Power        Failure   Level  Hunger
 Magic Dart               Conj           #...         52%         1    ##.....
 Conjure Flame            Conj/Fire      #.......     87%         3    ####...
 Slow                     Hex            #.......     65%         2    ###....
 Mephitic Cloud           Conj/Pois/Air  #.......     87%         3    ####...
 Blink                    Tloc           N/A          65%         2    ###....
 Call Imp                 Summ           #.......     65%         2    ###....


Dungeon Overview and Level Annotations

Branches:
Dungeon (9/15)             Temple (1/1) D:4
   Lair: D:8-11         Orc: D:9-12

Altars:
Ashenzari
Cheibriados
Dithmenos
Elyvilon
Fedhas
Gozag
Hepliaklqana
Kikubaaqudgha
Makhleb
Nemelex Xobeh
Okawaru
Qazlal
Ru
Sif Muna
Trog
Uskayaw
Vehumet
Wu Jian
Xom
Yredelemnul
Zin
The Shining One

Shops:
D:5 %


Innate Abilities, Weirdness & Mutations

You are too large for most types of armour.
You have claws for hands.
Your metabolism is lightning-fast.
You like to eat raw meat.
Your natural rate of healing is unusually fast.
You are covered in fur. (AC +1)
You have very tough skin. (AC +2)
You have supernaturally acute eyesight. (SInv)
You possess an exceptional clarity of mind.
You are occasionally teleported next to monsters.


Message History

You block the two-headed ogre's attack.
You closely miss the two-headed ogre. You closely miss the two-headed ogre.
The two-headed ogre closely misses you.
The two-headed ogre hits you with a giant spiked club.
You barely miss the two-headed ogre.
You feel sick.
You are no longer poisoned.
You block the two-headed ogre's attack. x2
You barely miss the two-headed ogre. You scratch the two-headed ogre.
The two-headed ogre is lightly wounded.
The two-headed ogre hits you with a giant club!!
* * * LOW HITPOINT WARNING * * *
The two-headed ogre barely misses you.
You claw the two-headed ogre!
The two-headed ogre is lightly wounded.
Unknown command.
You claw the two-headed ogre!
The two-headed ogre is moderately wounded.
The two-headed ogre hits you with a giant club!!
You die...

###########
..........#
..........#
.....<....#
..........#
.......@ยง.#
......$O..+
..........#
..........#
..........#
#####+#####


You could see a two-headed ogre.

Vanquished Creatures
  Gastronok (D:8)
  A two-headed ogre (D:8)
  The ghost of TheNamelessOne the Ducker, a novice OpTm of Cheibriados (D:8)
  Pikel (D:6)
  The ghost of Curus the Martial Artist, a novice MfTm (D:5)
  Joseph (D:8)
  Maurice (D:8)
  A troll (D:9)
  Sigmund (D:6)
  An orc warrior (D:8)
  A slave (D:6)
  An ice beast (D:5)
  3 sky beasts
  An eye of draining (D:9)
  A hornet zombie (D:7)
  A phantom (D:8)
  4 ogres
  A wyvern zombie (D:6)
  A scorpion (D:5)
  9 wights (D:6)
  3 howler monkeys
  A crimson imp (D:5)
  A bullfrog zombie (D:6)
  2 jellies
  3 hounds
  A bullfrog skeleton (D:7)
  3 orc priests (D:7)
  2 centaur skeletons
  Crazy Yiuf (D:6)
  Jessica (D:3)
  7 orc wizards
  7 worker ants
  2 hound skeletons
  4 gnolls (D:2)
  A howler monkey skeleton (D:4)
  12 adders
  3 shadow imps
  4 oozes
  An adder zombie (D:7)
  6 worms
  2 dart slugs
  5 leopard geckos
  30 orcs
  2 ball pythons
  3 giant cockroaches
  10 goblins
  8 hobgoblins
  11 jackals
  8 quokkas
  14 bats
  2 frilled lizards (D:1)
  9 kobolds
  A leopard gecko skeleton (D:4)
  A leopard gecko zombie (D:6)
  A quokka zombie (D:5)
  11 rats
216 creatures vanquished.

Notes
Turn   | Place    | Note
-------+----------+-------------------------------------------
     0 | D:1      | KristoblXynda the Troll Fighter began the quest for the Orb.
     0 | D:1      | Reached XP level 1. HP: 22/22 MP: 0/0
   194 | D:1      | Reached XP level 2. HP: 16/29 MP: 1/1
   552 | D:1      | Reached XP level 3. HP: 34/36 MP: 2/2
  1007 | D:2      | Reached skill level 3 in Unarmed Combat
  1007 | D:2      | Reached XP level 4. HP: 44/44 MP: 3/3
  1324 | D:2      | Reached XP level 5. HP: 39/50 MP: 4/4
  1684 | D:3      | Gained mutation: You have supernaturally acute eyesight. (SInv) [potion of mutation]
  1684 | D:3      | Gained mutation: You are occasionally teleported next to monsters. [potion of mutation]
  1684 | D:3      | Gained mutation: You possess an exceptional clarity of mind. [potion of mutation]
  1690 | D:3      | Noticed Jessica
  1703 | D:3      | Killed Jessica
  1739 | D:3      | Reached XP level 6. HP: 58/59 MP: 5/5
  1873 | D:3      | Reached skill level 4 in Unarmed Combat
  2117 | D:3      | Found a faded altar of an unknown god.
  2454 | D:4      | Found a shadowy altar of Dithmenos.
  2517 | D:4      | Found a staircase to the Ecumenical Temple.
  2526 | Temple   | Entered the Ecumenical Temple
  2681 | Temple   | Became a worshipper of Qazlal Stormbringer
  2989 | D:5      | Entered Level 5 of the Dungeon
  3101 | D:5      | Reached XP level 7. HP: 60/66 MP: 6/6
  3143 | D:5      | Reached skill level 5 in Unarmed Combat
  3182 | D:5      | Got a translucent cloak
  3192 | D:5      | Identified the cursed +0 cloak of Henotheism {MR+} (You found it on level 5 of the Dungeon)
  3222 | D:5      | Found Zexaug's Food Boutique.
  3325 | D:5      | Noticed Curus's ghost (novice MfTm)
  3353 | D:5      | Killed Curus's ghost
  3353 | D:5      | Reached skill level 6 in Unarmed Combat
  3353 | D:5      | Reached XP level 8. HP: 36/74 MP: 7/7
  3360 | D:5      | Reached skill level 5 in Dodging
  3401 | D:5      | Reached skill level 5 in Shields
  3467 | D:5      | Found a shadowy altar of Dithmenos.
  3554 | D:5      | Found a faded altar of an unknown god.
  3554 | D:5      | Found a hazy altar of Hepliaklqana.
  3560 | D:5      | Found a faded altar of an unknown god.
  3562 | D:5      | Found a snail-covered altar of Cheibriados.
  3563 | D:5      | Found a sacrificial altar of Ru.
  3612 | D:5      | Reached * piety under Qazlal
  3626 | D:5      | Found a white marble altar of Elyvilon.
  3639 | D:5      | Reached skill level 7 in Unarmed Combat
  3782 | D:6      | Reached skill level 1 in Armour
  4120 | D:6      | Reached skill level 8 in Unarmed Combat
  4140 | D:6      | Reached XP level 9. HP: 71/80 MP: 8/8
  4240 | D:6      | Noticed Sigmund
  4252 | D:6      | Killed Sigmund
  4252 | D:6      | Reached skill level 1 in Invocations
  4309 | D:6      | Found a runed door.
  4327 | D:6      | Noticed Crazy Yiuf
  4333 | D:6      | Killed Crazy Yiuf
  4539 | D:6      | Noticed Pikel
  4552 | D:6      | Killed Pikel
  4552 | D:6      | Reached skill level 9 in Unarmed Combat
  4847 | D:7      | Reached ** piety under Qazlal
  5272 | D:7      | Found a blossoming altar of Fedhas.
  5343 | D:8      | Noticed TheNamelessOne's ghost (novice OpTm)
  5391 | D:8      | Killed TheNamelessOne's ghost
  5391 | D:8      | Reached XP level 10. HP: 38/91 MP: 11/11
  5566 | D:8      | Reached skill level 10 in Unarmed Combat
  5628 | D:8      | Noticed Gastronok
  5649 | D:8      | Killed Gastronok
  5707 | D:8      | Noticed Joseph
  5721 | D:8      | Killed Joseph
  5761 | D:8      | Noticed a two-headed ogre
  5768 | D:8      | Killed a two-headed ogre
  5768 | D:8      | Reached skill level 5 in Invocations
  5834 | D:8      | Noticed Maurice
  6035 | D:8      | Killed Maurice
  6185 | D:9      | Noticed a two-headed ogre
  6197 | D:9      | Slain by a two-headed ogre

Vault maps used:
D:1:      dpeg_arrival_connections, serial_forest, infiniplex_forest_corner_1,
          infiniplex_forest_lined_room_2, infiniplex_forest_straight_2,
          infiniplex_forest_clump_cross, infiniplex_forest_clump_C,
          minmay_split_cup_large
D:3:      first_ration, chequers_ecumenical_altar_lobes, uniq_jessica
D:4:      old_standard_altar, minmay_temple_entry_glass
D:5:      chequers_temple_overflow_minitemple, nicolae_overflow_crystal_walls,
          serial_shops, nicolae_shop_stone, eino_small_chamber_without_monster,
          grunt_dithmenos_shadows
D:6:      eino_small_chamber_without_monster, minivault_26, uniq_sigmund,
          uniq_pikel, uniq_crazy_yiuf_cottage
D:7:      kennysheep_little_box
D:8:      uniq_maurice, uniq_joseph, uniq_gastronok
Temple:   nicolae_temple_elliptical

Skill      XL: |  1  2  3  4  5  6  7  8  9 10 |
---------------+-------------------------------+-----
Dodging        | 3 4 5 |  5.2
Shields        | 3 4 5 6 7 |  7.7
Unarmed Combat | 3 4 6 8 9 10 | 10.8
Armour         | 1 2 |  2.0
Invocations    | 3 5 |  5.3
Fighting       | 3 4 |  4.6

Action                   |  1- 3 |  4- 6 |  7- 9 | 10-12 || total
-------------------------+-------+-------+-------+-------++-------
Melee: Unarmed           |   101 |   244 |   383 |    78 ||   806
       Flail             |       |       |     8 |       ||     8
  Use: Scroll            |       |     6 |    10 |     1 ||    17
       Potion            |       |     1 |     2 |       ||     3
 Stab: Sleeping          |     1 |     1 |       |       ||     2
  Eat: Chunk             |    15 |    19 |    21 |     8 ||    63
Armor: Robe              |    34 |    53 |    73 |     7 ||   167
Dodge: Dodged            |    38 |    77 |   109 |    24 ||   248
Block: Shield            |    46 |    98 |   173 |    41 ||   358

Table legend:
 A = Spawn XP
 B = Non-spawn XP
 C = Spawn XP percentage of total XP
 D = Spawn monster count
 E = Non-spawn monster count
 F = Spawn count percentage of total count
 G = Total turns spent on level
                    A         B        C        D         E        F      G
               +---------+---------+-------+---------+---------+-------+---------
         Total |       0 |   10829 |   0.0 |       0 |     215 |   0.0 |  6197
               +---------+---------+-------+---------+---------+-------+---------
           D:1 |       0 |      58 |   0.0 |       0 |      30 |   0.0 |   813
           D:2 |       0 |     196 |   0.0 |       0 |      36 |   0.0 |   865
           D:3 |       0 |     208 |   0.0 |       0 |      31 |   0.0 |   618
           D:4 |       0 |     228 |   0.0 |       0 |      12 |   0.0 |   519
           D:5 |       0 |    1417 |   0.0 |       0 |      31 |   0.0 |   758
           D:6 |       0 |    1920 |   0.0 |       0 |      28 |   0.0 |  1041
           D:7 |       0 |     999 |   0.0 |       0 |      29 |   0.0 |   554
           D:8 |       0 |    5346 |   0.0 |       0 |      15 |   0.0 |   788
           D:9 |       0 |     457 |   0.0 |       0 |       3 |   0.0 |    67
               +---------+---------+-------+---------+---------+-------+---------
